 Dungeon Crawl Stone Soup version 0.30-a0-883-g5ad918d77d (webtiles) character file.

Game seed: 13844921263302965807

21741 Newt the Basher (level 12, -4/82 HPs)
             Began as a Demonspawn Gladiator on Mar 17, 2023.
             Was an Elder of Hepliaklqana.
             Slain by a bog body (10 damage)
             ... summoned by a worldbinder
             ... on level 2 of the Abyss.
             The game lasted 00:17:06 (15977 turns).

Newt the Basher (Demonspawn Gladiator)             Turns: 15977, Time: 00:17:07

Health: -4/82      AC:  6    Str: 19    XL:     12   Next: 56%
Magic:  7/16       EV: 13    Int: 10    God:    Hepliaklqana [****..]
Gold:   1108       SH:  0    Dex: 15    Spells: 15/17 levels left

rFire   . . .      SeeInvis +    l - -2 demon whip (venom)
rCold   . . .      Faith    .    (no shield)
rNeg    . . .      Spirit   .    J - +3 troll leather armour {Snorg}
rPois   .          Reflect  .    c - +0 helmet
rElec   .          Rampage  .    o - +0 cloak
rCorr   .                        g - +0 pair of gloves {infuse}
Will    +....                    (no boots)
Stlth   ++                       (no amulet)
HPRegen 1.13/turn                e - ring of see invisible
MPRegen 0.15/turn                s - ring of willpower

@: corroded
A: reduced essence, hooves 2, demonic guardian 2, foul stench 1, sharp scales 3
a: Renounce Religion, Recall Ancestor, Ancestor Identity, Transference, Idealise


You were on level 2 of the Abyss.
You worshipped Hepliaklqana.
Hepliaklqana was greatly pleased with you.
You visited 3 branches of the dungeon, and saw 14 of its levels.
You visited the Abyss 1 time.

You collected 1108 gold pieces.

Inventory:

Hand Weapons
 a - a +1 rapier
 l - a -2 demon whip of venom (weapon)
 u - a +6 scimitar
 z - a +0 whip of freezing
Missiles
 j - 121 stones
 v - 2 boomerangs of dispersal
 H - 5 javelins
 M - 13 poisoned darts (quivered)
Armour
 b - a +0 leather armour
 c - a +0 helmet (worn)
 f - a +0 scale mail
 g - a +0 pair of gloves of infusion (worn)
 h - a +0 hat
 o - a +0 cloak (worn)
 r - a scarf of shadows
 E - +0 steam dragon scales
 J - a +3 troll leather armour (worn) {Snorg}
Jewellery
 e - a ring of see invisible (left hand)
 i - a ring of wizardry
 k - a ring of ice
 s - a ring of willpower (right hand)
 B - an amulet of faith
 F - a ring of ice
 K - a ring of willpower
Wands
 C - a wand of iceblast (6)
 G - a wand of digging (4)
 I - a wand of quicksilver (4)
Scrolls
 m - 2 scrolls of fog
 n - a scroll of fear
 p - a scroll of noise
 t - 4 scrolls of amnesia
 w - a scroll of magic mapping
 y - 5 scrolls of teleportation
 N - a scroll of brand weapon {unknown}
 O - 2 scrolls of identify
Potions
 d - a potion of brilliance
 q - 3 potions of degeneration
 x - 4 potions of attraction
 A - a potion of mutation
 D - a potion of flight {unknown}
 L - a potion of berserk rage


   Skills:
 - Level 8.0 Fighting
 - Level 4.0(5.5) Short Blades
 - Level 6.0(6.5) Long Blades
 + Level 11.1 Maces & Flails
 - Level 6.0 Throwing
 - Level 5.3 Armour
 - Level 4.0 Dodging
 - Level 1.5 Stealth
 - Level 3.0 Spellcasting
 - Level 6.0 Transmutations
 - Level 4.4 Invocations
 - Level 6.0 Evocations


You had 15 spell levels left.
You knew the following spells:

 Your Spells              Type           Power      Damage    Failure   Level
a - Wereblood             Tmut           13%        N/A       4%          2

Your spell library contained the following spells:

 Spells                   Type           Power      Damage    Failure   Level
 Beastly Appendage        Tmut           26%        N/A       2%          1
 Spider Form              Tmut/Pois      7%         N/A       28%         3
 Blink                    Tloc           2%         N/A       43%         2
 Lesser Beckoning         Tloc           2%         N/A       43%         2
 Blade Hands              Tmut           6%         N/A       58%         5
 Gell's Gravitas          Tloc           1%         N/A       67%         3
 Inner Flame              Hex/Fire       1%         N/A       67%         3
 Kindle Blastsparks       Fire/Tloc/Air  2%         2d10      67%         3
 Teleport Other           Tloc           1%         N/A       67%         3
 Animate Armour           Summ/Erth      2%         N/A       97%         4
 Flame Wave               Conj/Fire      1%         2d4       97%         4
 Fulminant Prism          Conj/Hex       0%         3d5       97%         4
 Iskenderun's Mystic Bla  Conj/Tloc      1%         2d3       97%         4
 Manifold Assault         Tloc           1%         N/A       97%         4
 Sticky Flame             Conj/Fire      1%         2d3       97%         4
 Lee's Rapid Deconstruct  Erth           0%         3d4*      100%        5
 Iron Shot                Conj/Erth      0%         9d1       100%        6
 Storm Form               Tmut/Air       3%         N/A       100%        7


Dungeon Overview and Level Annotations

Branches:
Dungeon (12/15)            Temple (1/1) D:4            Lair (1/5) D:11
    Orc (0/2) D:10

Altars:
Ashenzari
Cheibriados
Dithmenos
Fedhas
Gozag
Hepliaklqana
Kikubaaqudgha
Makhleb
Nemelex Xobeh
Okawaru
Qazlal
Ru
Sif Muna
Trog
Uskayaw
Vehumet
Wu Jian
Xom
Yredelemnul

Portals:
Trove: D:12 (give 16 potions of curing)

Annotations:
Lair:1 1 transporter, Sonja


Innate Abilities, Weirdness & Mutations

Your life essence is reduced to manifest your ancestor. (-10% HP)
You have hoof-like feet.
A demonic guardian rushes to your aid.
You may rarely emit foul miasma when damaged in melee.
You are completely covered in razor-sharp scales. (AC +3, Slay +3)


Message History

The starspawn tentacle grabs your ice devil.
The starspawn tentacle constricts your ice devil.
The swamp drake disappears in a puff of smoke!
The goliath frog disappears in a puff of smoke!
Your ice devil hits the starspawn tentacle!
Your ice devil freezes the starspawn tentacle!
The starspawn tentacle is destroyed!
The worldbinder hits your ice devil but does no damage. x2
Your ice devil hits the worldbinder!
Your ice devil freezes the worldbinder!!
The goliath frog hits you from afar!
* * * LOW HITPOINT WARNING * * *
The acid corrodes you!
You are splashed with acid!
* * * LOW HITPOINT WARNING * * *
The bog body points at you and mumbles some strange words.
You resist with almost no effort.
The worldbinder hits your ice devil but does no damage. x2
A smoke demon comes into view.
The swamp drake bites your ice devil but does no damage.
Your ice devil barely misses the worldbinder.
The swamp drake completely misses your ice devil.
The bog body attacks as you move away! The bog body barely misses you.
Your ice devil disappears in a puff of smoke!
Tentacles burst from the starspawn's body! 2 starspawn tentacles come into view.
Unknown command.
As you read the scroll of fear, it crumbles to dust.
You assume a fearsome visage.
The tentacled starspawn is unaffected.
The starspawn tentacle is unaffected.
The smoke demon looks frightened!
The worldbinder is unaffected.
The starspawn tentacle is unaffected.
The goliath frog resists with almost no effort.
The swamp drake looks frightened!
The bog body is unaffected.
The goliath frog hits you from afar.
* * * LOW HITPOINT WARNING * * *
A demonic guardian appears!
The acid corrodes you!
You are splashed with acid!
* * * LOW HITPOINT WARNING * * *
The starspawn tentacle grabs your rust devil.
The starspawn tentacle constricts your rust devil.
The bog body touches you!
You die...

##.~........#.
.###~§§.......##
.
.....§k..#....#
. ##.#..Λ.......
##.│wX3.....
##..w..x...._...
#_##.4F#....# #
##...#n# .###
#####@# # . ###
..# .


You could see a tentacled starspawn, a goliath frog (summoned), a worldbinder, a
bog body (summoned), a smoke demon (fleeing, ally target), a swamp drake
(summoned, fleeing), 2 starspawn tentacles and a friendly rust devil (summoned).

Vanquished Creatures
  An ogre mage (D:11)
  A boulder beetle (D:12)
  7 two-headed ogres
  A large abomination (Abyss:2)
  Amaemon (D:9)
  An ugly thing (D:12)
  A manticore (D:11)
  An orange demon (D:9)
  Maggie (D:9)
  A komodo dragon (D:10)
  2 unseen horrors
  Grinder (D:6)
  A hornet (D:8)
  2 dream sheep (D:8)
  Sigmund (D:6)
  2 wyverns (D:11)
  8 yaks
  Grum (Lair:1)
  A steam dragon (D:6)
  2 vampire mosquitoes (D:12)
  A two-headed ogre zombie (D:11)
  3 water moccasins
  3 orc warriors
  4 black bears
  13 ogres
  A wolf (Lair:1)
  2 centaurs
  4 scorpions
  15 wights
  3 killer bees (D:9)
  4 howler monkeys
  An electric eel (D:11)
  2 hounds
  A jelly (D:3)
  6 orc priests
  A gnoll bouda (D:8)
  2 sleepcaps
  Jessica (D:2)
  5 iguanas
  9 orc wizards
  Terence (D:2)
  Robin (D:2)
  10 adders
  2 shadow imps
  2 white imps
  An ufetubus (D:5)
  A worm (D:2)
  18 orcs
  2 ball pythons
  5 bats
  5 endoplasms
  A giant cockroach (D:4)
  16 hobgoblins
  6 kobolds
  3 quokkas
  4 frilled lizards
  17 goblins
  8 rats
221 creatures vanquished.

Vanquished Creatures (collateral kills)
  Snorg (D:10)
  3 two-headed ogres
  Pikel (D:6)
  An elephant (D:11)
  Joseph (Lair:1)
  2 cane toads (Lair:1)
  A guardian mummy (D:12)
  2 shadows (D:11)
  A steam dragon (D:9)
  An acid dragon (D:9)
  A water moccasin (D:5)
  An orc warrior (D:11)
  3 ogres (D:11)
  2 wolves (Lair:1)
  2 wights (D:9)
  3 orc priests
  A sleepcap (D:8)
  4 orc wizards
  A worm (D:2)
  3 orcs
  2 starspawn tentacles (Abyss:2)
37 creatures vanquished.

Vanquished Creatures (others)
  4 hexers
  2 ancestors (D:8)
6 creatures vanquished.

Grand Total: 264 creatures vanquished

Notes
Turn   | Place    | Note
-------+----------+-------------------------------------------
     0 | D:1      | Newt the Demonspawn Gladiator began the quest for the Orb.
     0 | D:1      | Reached XP level 1. HP: 16/16 MP: 1/1
   112 | D:1      | Reached skill level 1 in Stealth
   391 | D:1      | Gained mutation: A weak demonic guardian rushes to your
                  | aid. [demonic ancestry]
   391 | D:1      | Reached XP level 2. HP: 19/22 MP: 2/2
   801 | D:2      | Identified a scroll of acquirement
   801 | D:2      | Acquired a +0 pair of gloves of infusion
   995 | D:2      | Reached XP level 3. HP: 29/29 MP: 0/3
  1137 | D:2      | Found a sacrificial altar of Ru.
  1175 | D:2      | Noticed Robin
  1190 | D:2      | Reached XP level 4. HP: 32/37 MP: 0/4
  1224 | D:2      | Killed Robin
  1225 | D:2      | Reached skill level 1 in Spellcasting
  1680 | D:2      | Found a faded altar of an unknown god.
  1711 | D:2      | Noticed Jessica
  1747 | D:2      | Killed Jessica
  1748 | D:2      | Gained mutation: You have large cloven feet. [demonic
                  | ancestry]
  1748 | D:2      | Reached XP level 5. HP: 13/42 MP: 0/8
  1959 | D:2      | Noticed Terence
  1967 | D:2      | Killed Terence
  3114 | D:3      | Found a sparkling altar of Nemelex Xobeh.
  3114 | D:3      | Found a faded altar of an unknown god.
  3125 | D:3      | Found a blossoming altar of Fedhas.
  3127 | D:3      | Found a hide-covered altar of Uskayaw.
  3416 | D:4      | Gained mutation: You are partially covered in razor-sharp
                  | scales. (AC +1, Slay +1) [demonic ancestry]
  3416 | D:4      | Reached XP level 6. HP: 8/48 MP: 4/10
  4069 | D:4      | Found a staircase to the Ecumenical Temple.
  4078 | Temple   | Entered the Ecumenical Temple
  4201 | Temple   | Became a worshipper of Hepliaklqana the Forgotten
  4667 | D:5      | Entered Level 5 of the Dungeon
  4667 | D:5      | Noticed a yak
  4667 | D:5      | Noticed a yak
  4667 | D:5      | Noticed a yak
  4667 | D:5      | Noticed a yak
  4669 | D:5      | Noticed a yak
  4683 | D:4      | Killed a yak
  4684 | D:4      | Reached XP level 7. HP: 32/54 MP: 2/11
  5732 | D:5      | Reached skill level 5 in Throwing
  6256 | D:4      | Killed a yak
  6257 | D:4      | Reached skill level 5 in Fighting
  6257 | D:4      | Gained mutation: You have hoof-like feet. [demonic
                  | ancestry]
  6257 | D:4      | Reached XP level 8. HP: 29/62 MP: 5/12
  7181 | D:6      | Noticed Pikel
  7197 | D:6      | Killed Pikel
  7198 | D:6      | Gained mutation: You are mostly covered in razor-sharp
                  | scales. (AC +2, Slay +2) [demonic ancestry]
  7198 | D:6      | Reached XP level 9. HP: 30/74 MP: 3/13
  7870 | D:6      | Noticed Grinder
  7881 | D:6      | Killed Grinder
  8149 | D:6      | Noticed Sigmund
  8157 | D:6      | Killed Sigmund
  8158 | D:6      | Reached skill level 2 in Maces & Flails
  8240 | D:6      | Reached * piety under Hepliaklqana
  8380 | D:6      | Reached skill level 3 in Maces & Flails
  8685 | D:7      | Reached skill level 4 in Maces & Flails
  9139 | D:8      | Paralysed by a hornet for 3 turns
  9149 | D:8      | Reached skill level 5 in Maces & Flails
  9375 | D:8      | Reached skill level 5 in Armour
  9395 | D:8      | HP: 3/66 [orc wizard/magic dart (8)]
  9679 | D:8      | Reached skill level 1 in Long Blades
  9679 | D:8      | Gained mutation: You may rarely emit foul miasma when
                  | damaged in melee. [demonic ancestry]
  9679 | D:8      | Reached XP level 10. HP: 72/72 MP: 12/14
 10680 | D:9      | Noticed an orange demon
 10681 | D:9      | Noticed Amaemon
 10694 | D:9      | Killed Amaemon
 10695 | D:9      | Reached skill level 5 in Long Blades
 10698 | D:9      | Killed an orange demon
 11124 | D:9      | Reached ** piety under Hepliaklqana
 11125 | D:9      | Remembered your ancestor Nolwazi as a hexer
 11146 | D:9      | Reached skill level 6 in Maces & Flails
 11709 | D:9      | Noticed Maggie
 11717 | D:9      | Killed Maggie
 11718 | D:9      | Reached skill level 7 in Maces & Flails
 12039 | D:10     | Entered Level 10 of the Dungeon
 12152 | D:10     | Noticed a two-headed ogre
 12161 | D:10     | Killed a two-headed ogre
 12162 | D:10     | Reached skill level 8 in Maces & Flails
 12162 | D:10     | Gained mutation: A demonic guardian rushes to your aid.
                  | [demonic ancestry]
 12162 | D:10     | Reached XP level 11. HP: 67/77 MP: 11/15
 12488 | D:10     | Noticed Snorg
 12498 | D:10     | Killed Snorg
 12802 | D:10     | Found a staircase to the Orcish Mines.
 13117 | D:11     | Reached *** piety under Hepliaklqana
 13181 | D:11     | Reached skill level 9 in Maces & Flails
 13329 | D:11     | Noticed a two-headed ogre
 13330 | D:11     | Noticed a two-headed ogre
 13331 | D:11     | Noticed a two-headed ogre
 13340 | D:11     | Killed a two-headed ogre
 13350 | D:11     | Killed a two-headed ogre
 13351 | D:11     | Reached skill level 10 in Maces & Flails
 13351 | D:11     | Reached skill level 1 in Evocations
 13360 | D:11     | Killed a two-headed ogre
 13492 | D:11     | Noticed a two-headed ogre
 13492 | D:11     | Noticed a two-headed ogre
 13493 | D:11     | Noticed a two-headed ogre
 13493 | D:11     | Noticed an ogre mage
 13505 | D:11     | Killed a two-headed ogre
 13512 | D:11     | Killed a two-headed ogre
 13513 | D:11     | Reached skill level 5 in Evocations
 13520 | D:12     | Noticed a two-headed ogre
 13522 | D:12     | Killed a two-headed ogre
 13536 | D:12     | Reached skill level 1 in Invocations
 13620 | D:12     | Noticed a two-headed ogre
 13626 | D:12     | Killed a two-headed ogre
 13896 | D:11     | Learned a level 2 spell: Wereblood
 14124 | D:11     | Found a staircase to the Lair.
 14135 | D:11     | Reached skill level 1 in Transmutations
 14142 | D:11     | Gained mutation: You are completely covered in razor-sharp
                  | scales. (AC +3, Slay +3) [demonic ancestry]
 14142 | D:11     | Reached XP level 12. HP: 75/82 MP: 6/16
 14556 | D:11     | Killed a two-headed ogre
 14639 | D:11     | Killed an ogre mage
 14908 | D:12     | Reached **** piety under Hepliaklqana
 15082 | D:12     | Found a portal to a secret trove of treasure.
 15095 | D:12     | Reached skill level 5 in Transmutations
 15321 | D:12     | Noticed a two-headed ogre
 15322 | D:12     | Noticed a boulder beetle
 15334 | D:12     | Killed a two-headed ogre
 15340 | D:12     | Killed a boulder beetle
 15665 | Lair:1   | Entered Level 1 of the Lair of Beasts
 15839 | Lair:1   | Noticed Joseph
 15853 | Lair:1   | Killed Joseph
 15918 | Lair:1   | Found a transporter.
 15919 | Lair:1   | Noticed Grum
 15924 | Lair:1   | Noticed Sonja
 15925 | Lair:1   | Killed Grum
 15941 | Abyss:2  | Cast into level 2 of the Abyss (Sonja)
 15948 | Abyss:2  | Noticed a tentacled starspawn
 15949 | Abyss:2  | Found a corrupted altar of Lugonu.
 15951 | Abyss:2  | Found a corrupted altar of Lugonu.
 15966 | Abyss:2  | Reached skill level 11 in Maces & Flails
 15977 | Abyss:2  | Slain by a bog body

Illustrated notes

Levels and vault maps discovered:
D:1:      co_arrival_random_square_maze, layout_loops_ring,
          hangedman_abyss_or_decor_stabs
D:2:      layout_rooms, basic_altar,
          dreamdust_ecumenical_altar_hidden_monk_grotto,
          hangedman_feature_mirror, hangedman_decor_opposing,
          minmay_door_square, uniq_terence, uniq_jessica, uniq_robin
D:3:      minmay_razor_zed, layout_loops_corners,
          chequers_temple_overflow_minitemple, grunt_ministairs_12, st_stairs_12
D:4:      layout_cave_pools, lemuel_temple_firewalk_b, dreamdust_wishing_well,
          chequers_serial_rivers_micro_c, minmay_unequal
D:5:      layout_basic, serial_park_tiny_2
D:6:      layout_basic, uniq_sigmund, uniq_grinder, uniq_pikel
D:7:      layout_rooms
D:8:      layout_basic, minivault_1, dreamdust_gnoll_shepherd
D:9:      layout_stronghold, uniq_amaemon, uniq_maggie
D:10:     layout_basic, orc_0_dummy, minmay_misc_feat_cross, uniq_snorg
D:11:     lemuel_ogre_cave, layout_stronghold, david_lair_generic, fountainhead,
          minmay_misc_feat_rows, feat_on_display
D:12:     layout_loops_ring, nicolae_trove_entry_path_of_doom,
          chequers_serial_rivers_micro_d
Temple:   nicolae_temple_two_arcs
Lair:1:   layout_regular_city, gammafunk_ghost_wrathful_warriors,
          wad_woods_road_03, nicolae_lair_lakeside_cave, lemuel_fruit_tree,
          serial_bayou_shore_a, uniq_grum, uniq_joseph, uniq_sonja
Abyss:2:  base:
D:12

Skill      XL: |  1  2  3  4  5  6  7  8  9 10 11 12 |
---------------+-------------------------------------+-----
Stealth        | 1 |  1.5
Fighting       | 3 4 5 8 |  8.0
Spellcasting   | 2 3 |  3.0
Short Blades   | 3 4 |  4.0
Dodging        | 4 |  4.0
Throwing       | 2 5 6 |  6.0
Armour         | 3 5 |  5.3
Maces & Flails | 5 8 10 11 | 11.1
Long Blades    | 1 6 |  6.0
Evocations     | 6 |  6.0
Invocations    | 4 |  4.4
Transmutations | 1 6 |  6.0

Action                     |  1- 3 |  4- 6 |  7- 9 | 10-12 || total
---------------------------+-------+-------+-------+-------++-------
  Melee: Rapier            |    85 |   183 |   139 |       ||   407
         Punch             |     1 |     2 |     3 |     3 ||     9
         Kick              |       |    35 |    85 |   132 ||   252
         Whip              |       |       |    83 |       ||    83
         Scimitar          |       |       |     4 |    56 ||    60
         Demon whip        |       |       |       |   272 ||   272
  Throw: Throwing net      |       |     5 |     1 |       ||     6
         Javelin           |       |     2 |     3 |     6 ||    11
         Stone             |       |     1 |     5 |     8 ||    14
         Dart              |       |       |     3 |    25 ||    28
 Invoke: Ancestor Life: He |       |       |       |     1 ||     1
  Evoke: Wand              |       |       |     3 |       ||     3
    Use: Scroll            |     3 |     6 |     4 |     9 ||    22
         Potion            |       |     2 |     3 |     5 ||    10
   Stab: Sleeping          |     3 |     3 |     1 |     1 ||     8
         Distracted        |     1 |     1 |     1 |     3 ||     6
         Held in net/web   |       |     1 |       |       ||     1
         Confused          |       |       |       |     7 ||     7
 Armour: Leather armour    |    35 |    61 |    68 |    34 ||   198
         Skin              |       |     4 |       |       ||     4
         Steam dragon scal |       |       |       |     6 ||     6
         Troll leather arm |       |       |       |    48 ||    48
  Dodge: Dodged            |    51 |   106 |   121 |   202 ||   480

Table legend: (Time is in decaauts)
 A = Elapsed time spent in this place.
 B = Non-inter-level travel time spent in this place.
 C = Inter-level travel time spent in this place.
 D = Time resting spent in this place.
 E = Time spent auto-exploring this place.
 F = Levels seen in this place.
 G = Mean time per level.
                   A        B        C        D        E       F      G
               +--------+--------+--------+--------+--------+-----+--------+
         Total |  15944 |  15422 |    522 |   3763 |   9755 |  15 | 1062.9 |
       Dungeon |  15504 |  14997 |    507 |   3746 |   9436 |  12 | 1292.0 |
        Temple |    132 |    118 |     14 |      0 |    106 |   1 |  132.0 |
          Lair |    262 |    262 |      0 |      0 |    213 |   1 |  262.0 |
         Abyss |     44 |     44 |      0 |     16 |      0 |   1 |   44.0 |
               +--------+--------+--------+--------+--------+-----+--------+

Top non-repeatable levels by time:
     D:5: 2436 daAuts
    D:11: 1640 daAuts
     D:4: 1634 daAuts
     D:8: 1588 daAuts
     D:9: 1386 daAuts
     D:2: 1315 daAuts
     D:3: 1269 daAuts
     D:6: 1105 daAuts
    D:10: 991 daAuts
    D:12: 921 daAuts
     D:1: 800 daAuts
     D:7: 415 daAuts
  Lair:1: 262 daAuts
  Temple: 132 daAuts
 Abyss:2: 44 daAuts
